 Dungeon Crawl Stone Soup version 0.30-a0-739-gea05faddec (webtiles) character file.

Game seed: 13986631722826877963

233 jimonade the Magician (level 6, -11/40 HPs)
             Began as a Djinni Hedge Wizard on Feb 4, 2023.
             Was an Initiate of Ashenzari.
             Killed from afar by Ijyb (21 damage)
             ... with a bolt of light
             ... on level 4 of the Dungeon.
             The game lasted 00:04:15 (3314 turns).

jimonade the Magician (Djinni Hedge Wizard)         Turns: 3314, Time: 00:04:16

Health: -11/40     AC:  3    Str: 11    XL:     6   Next: 26%
Gold:   91         EV: 12    Int: 15    God:    Ashenzari [......] SH:  0 Dex: 13

rFire   + + .      SeeInvis .    a - +3 dagger
rCold   x . .      Faith    .    (no shield)
rNeg    . . .      Spirit   .    u - +0 robe
rPois   ∞          Reflect  .    o - +0 helmet
rElec   .          Harm     .    (no cloak)
rCorr   .          Rampage  .    (no gloves)
Will    .....                    (boots unavailable)
Stlth   ++                       (no amulet)
HPRegen 0.26/turn                (no ring)
MPRegen 0.00/turn                (no ring)

@: flying
A: sickness immunity, fire resistance 2, cold vulnerability 1, float, innate
caster, HP casting, extra vitality 1
a: Renounce Religion


You were on level 4 of the Dungeon.
You worshipped Ashenzari.
Ashenzari was noncommittal.
You visited 2 branches of the dungeon, and saw 5 of its levels.

You collected 91 gold pieces.

Inventory:

Hand Weapons
 a - a +3 dagger (weapon)
 b - a +0 dagger of venom
 g - a +0 dagger
 i - a +0 spear
 q - a +0 dagger of holy wrath
Missiles
 h - 13 boomerangs
Armour
 c - a +0 hat
 o - a +0 helmet (worn)
 u - a +0 robe (worn)
Wands
 s - a wand of digging (1)
Scrolls
 f - 2 scrolls of blinking {unknown}
 k - 2 scrolls of fear {unknown}
 l - 2 scrolls of identify {unknown}
 m - a scroll of teleportation {unknown}
 n - 2 scrolls of enchant armour {unknown}
 r - a scroll of magic mapping {unknown}
Potions
 d - a potion of magic
 e - 6 potions of curing {unknown}
 j - 3 potions of heal wounds {unknown}
 p - a potion of mutation {unknown}
 t - a potion of might {unknown}


   Skills:
 + Level 0.1 Short Blades
 + Level 2.9 Dodging
 - Level 1.5 Stealth
 * Level 4.8 Spellcasting


You had 2 spell levels left.
You knew the following spells:

 Your Spells              Type           Power      Damage    Failure   Level
a - Magic Dart            Conj           72%        1d6       2%          1
b - Slow                  Hex            72%        N/A       2%          1
c - Blink                 Tloc           36%        N/A       3%          2
d - Call Imp              Summ           18%        N/A       3%          2
e - Mephitic Cloud        Conj/Pois/Air  18%        N/A       7%          3
f - Shock                 Conj/Air       72%        1d7       2%          1
g - Scorch                Fire           36%        2d7       3%          2
Your spell library was empty.

Dungeon Overview and Level Annotations

Branches:
Dungeon (4/15)             Temple (1/1) D:4

Altars:
Ashenzari
Dithmenos
Fedhas
Gozag
Hepliaklqana
Makhleb
Nemelex Xobeh
Okawaru
Qazlal
Ru
Trog
Wu Jian
Xom
Yredelemnul

Shops:
D:2 [

Annotations:
D:4 Ijyb


Innate Abilities, Weirdness & Mutations

You are immune to sickness and miasma.
You are immune to poison.
Your flesh is very heat resistant. (rF++)
You are vulnerable to cold. (rC-)
You float through the air rather than walking.
You learn spells naturally, not from books.
Your magical power is your life essence.
You have superior vitality. (+4 MHP)


Message History

Confirm with . or Enter, or press ? or * to list all spells.
Flames lash the ogre.
The ogre is burned terribly!
The ogre is moderately wounded.
The endoplasm freezes you.
You are frozen!
You feel a terrible chill!
Casting: Scorch (safe; 4% risk of failure)
Confirm with . or Enter, or press ? or * to list all spells.
Flames lash the ogre.
The ogre is burned terribly!
The ogre is heavily wounded.
The endoplasm is no longer more vulnerable to fire.
The endoplasm barely misses you.
Casting: Scorch (safe; 4% risk of failure)
Confirm with . or Enter, or press ? or * to list all spells.
Flames lash the ogre.
The ogre is burned terribly!
You kill the ogre!
The endoplasm jiggles.
The endoplasm freezes you.
You are frozen.
You feel a terrible chill!
Ijyb the Twisted Goblin comes into view.
She is wielding a +0 dagger, wearing a +1 ring mail of fire resistance and carrying a wand of light (3).
You have reached level 6!
Casting: Scorch (safe; 3% risk of failure)
Confirm with . or Enter, or press ? or * to list all spells.
Flames lash Ijyb.
Ijyb resists.
Ijyb is lightly wounded.
Ijyb's fire resistance burns away.
You hear an angry hiss.
The endoplasm closely misses you.
Casting: Scorch (safe; 3% risk of failure)
Confirm with . or Enter, or press ? or * to list all spells.
Flames lash the endoplasm.
You kill the endoplasm!
* * * LOW HITPOINT WARNING * * *
Casting: Scorch (safe; 3% risk of failure)
Confirm with . or Enter, or press ? or * to list all spells.
Flames lash Ijyb.
Ijyb is heavily wounded.
* * * LOW HITPOINT WARNING * * *
Ijyb zaps a wand.
The bolt of light hits you!!
Ouch! That really hurt!
You die...

#........
#..O.....
.......
.....#
J...#####
.......#
##......#
###g......#
#.@)#.....#
###
##.#########
..# #..# ..#
#.#######
).#
##........
..#
##.........
..#
#..........
..#
##.#........
###
#..#########


You could see Ijyb (combustible).

Vanquished Creatures
  An ogre (D:4)
  A phantom (D:4)
  3 adders
  A worm (D:2)
  8 ball pythons
  4 endoplasms
  A giant cockroach (D:1)
  9 goblins
  5 hobgoblins
  2 quokkas
  6 bats
  2 frilled lizards
  4 kobolds
  4 rats
51 creatures vanquished.

Vanquished Creatures (others)
  8 plants (D:4)
8 creatures vanquished.

Grand Total: 59 creatures vanquished

Notes
Turn   | Place    | Note
-------+----------+-------------------------------------------
     0 | D:1      | jimonade the Djinni Hedge Wizard began the quest for the
                  | Orb.
     0 | D:1      | jimonade set off with the following spells memorised: Magic
                  | Dart, Slow, Blink, Call Imp, Mephitic Cloud.
     0 | D:1      | Reached XP level 1. HP: 15/15 MP: 0/0
   126 | D:1      | Reached XP level 2. HP: 19/21 MP: 0/0
   382 | D:1      | Reached skill level 3 in Spellcasting
   600 | D:1      | Reached XP level 3. HP: 18/25 MP: 0/0
   600 | D:1      | Learned a level 1 spell: Shock
  1571 | D:2      | Found Wyemud's Armour Shop.
  2174 | D:3      | Reached XP level 4. HP: 25/31 MP: 0/0
  2238 | D:3      | Found a stormy altar of Qazlal.
  2938 | D:4      | Found a staircase to the Ecumenical Temple.
  2943 | D:4      | Noticed a phantom
  2957 | Temple   | Entered the Ecumenical Temple
  3211 | Temple   | Became a worshipper of Ashenzari the Shackled
  3247 | D:4      | Killed a phantom
  3248 | D:4      | Reached skill level 4 in Spellcasting
  3248 | D:4      | Reached XP level 5. HP: 27/35 MP: 0/0
  3248 | D:4      | Learned a level 2 spell: Scorch
  3303 | D:4      | Noticed an ogre
  3311 | D:4      | Killed an ogre
  3311 | D:4      | Noticed Ijyb
  3312 | D:4      | Reached XP level 6. HP: 15/40 MP: 0/0
  3314 | D:4      | Killed from afar by Ijyb

Illustrated notes

Levels and vault maps discovered:
D:1:      psy_arrival_dodecagon, layout_basic, nrook_mini_vaults
D:2:      layout_loops_ring, serial_shops, nicolae_shop_hallway_stairs
D:3:      layout_basic, nicolae_qazlal_general_emergency,
          minmay_misc_feat_roman, nicolae_figureground_pulse
D:4:      layout_basic, minmay_temple_entry_mist, serial_bayou_lagoon_a,
          uniq_grinder, uniq_ijyb
Temple:   regret_index_temple_generic_petals

Skill      XL: |  1  2  3  4 |
---------------+-------------+-----
Spellcasting   | 3 4 |  4.8
Short Blades   | |  0.1
Dodging        | |  2.9
Stealth        | |  1.5

Action                     |  1- 3 |  4- 6 || total
---------------------------+-------+-------++-------
  Melee: Dagger            |     7 |    16 ||    23
   Cast: Magic Dart        |    95 |    20 ||   115
         Call Imp          |       |     1 ||     1
         Scorch            |       |    10 ||    10
 Armour: Robe              |     9 |     4 ||    13
  Dodge: Dodged            |    20 |    23 ||    43

Table legend: (Time is in decaauts)
 A = Elapsed time spent in this place.
 B = Non-inter-level travel time spent in this place.
 C = Inter-level travel time spent in this place.
 D = Time resting spent in this place.
 E = Time spent auto-exploring this place.
 F = Levels seen in this place.
 G = Mean time per level.
                   A        B        C        D        E       F      G
               +--------+--------+--------+--------+--------+-----+--------+
         Total |   3310 |   3087 |    223 |      0 |   2744 |   5 |  662.0 |
       Dungeon |   3033 |   2864 |    169 |      0 |   2534 |   4 |  758.2 |
        Temple |    276 |    222 |     54 |      0 |    210 |   1 |  276.0 |
               +--------+--------+--------+--------+--------+-----+--------+

Top non-repeatable levels by time:
     D:1: 1133 daAuts
     D:2: 959 daAuts
     D:3: 757 daAuts
  Temple: 276 daAuts
     D:4: 183 daAuts
